 Dungeon Crawl Stone Soup version 0.31.0-32-g396128a36d (webtiles) character file.

Game seed: 10039844012625011312

1355 bananaglory the Carver (level 8, -5/67 HPs)
             Began as a Merfolk Brigand on Mar 9, 2024.
             Was a Follower of Okawaru.
             Splashed by a jelly's acid (9 damage)
             ... on level 5 of the Dungeon.
             The game lasted 00:14:47 (4162 turns).

bananaglory the Carver (Merfolk Brigand)            Turns: 4162, Time: 00:14:47

Health: -5/67      AC: -7    Str: 12      XL:     8   Next: 63%
Magic:  8/8        EV: 11    Int: 10      God:    Okawaru [*.....]
Gold:   24         SH:  5    Dex: 14 (17) Spells: 7/7 levels left

rFire   + . .        r - +0 falchion
rCold   + . .        (no shield)
rNeg    . . .        j - +0 leather armour
rPois   .            (no helmet)
rElec   .            c - +0 cloak
rCorr   .            q - +0 pair of gloves
SInv    .            (no boots)
Will    .....        o - amulet of reflection
Stlth   ++           v - ring of protection from cold
HPRegen 0.31/turn    x - ring of protection from fire
MPRegen 0.11/turn

%: reflection, clarity
@: corroded
A: (nimble swimmer 2), mertail, clarity, deterioration 1
a: Renounce Religion, Heroism


You were on level 5 of the Dungeon.
You worshipped Okawaru.
Okawaru was aware of your devotion.
You visited 2 branches of the dungeon, and saw 6 of its levels.

You collected 114 gold pieces.
You spent 90 gold pieces at shops.

Inventory:

Hand Weapons
 a - a +2 dagger
 r - a +0 falchion (weapon)
 s - a +1 dagger of venom
Missiles
 d - 6 poisoned darts (quivered)
Armour
 c - a +0 cloak (worn)
 j - a +0 leather armour (worn)
 q - a +0 pair of gloves (worn)
Jewellery
 o - an amulet of reflection (around neck)
 v - a ring of protection from cold (left hand)
 x - a ring of protection from fire (right hand)
Wands
 b - a wand of mindburst (20)
 w - a wand of flame (15)
 A - a wand of roots (5)
 E - a wand of digging (6)
Scrolls
 g - a scroll of vulnerability {unknown}
 h - a scroll of poison {unknown}
 l - 2 scrolls of teleportation {unknown}
 m - a scroll of blinking {unknown}
 p - a scroll of enchant weapon {unknown}
 t - a scroll of butterflies {unknown}
 y - a scroll of fear {unknown}
 C - a scroll of amnesia {unknown}
 F - a scroll of noise {unknown}
Potions
 i - a potion of enlightenment
 k - a potion of mutation
 u - a potion of berserk rage {unknown}
 z - a potion of heal wounds
 B - 2 potions of curing {unknown}
 D - a potion of brilliance {unknown}


   Skills:
 + Level 7.0 Fighting
 - Level 2.4(6.6) Short Blades
 - Level 9.8(10.0) Long Blades
 - Level 2.0 Throwing
 - Level 1.3 Dodging
 - Level 4.3 Stealth


You had 7 spell levels left.
You didn't know any spells.
Your spell library contained the following spells:

 Spells                   Type           Power      Damage    Failure   Level
 Dimensional Bullseye     Hex/Tloc       0%         N/A       99%         4
 Iskenderun's Mystic Bla  Conj/Tloc      0%         2d3       99%         4
 Summon Small Mammal      Summ           Unusable   N/A       N/A         1
 Call Canine Familiar     Summ           Unusable   N/A       N/A         3
 Tukima's Dance           Hex            Unusable   N/A       N/A         3
 Summon Blazeheart Golem  Fire/Summ      Unusable   N/A       N/A         4

Dungeon Overview and Level Annotations

Branches:
Dungeon (5/15)             Temple (1/1) D:4

Altars:
Cheibriados
Dithmenos
Elyvilon
Fedhas
Kikubaaqudgha
Nemelex Xobeh
Okawaru
Ru
Sif Muna
Trog
Uskayaw
Vehumet
Wu Jian
Xom
The Shining One

Shops:
D:3 *   D:4 *   D:5 [


Innate Abilities, Weirdness & Mutations

((You are very nimble when in or above water. (Stealth+, EV+, Speed+++)))
Your lower body shifts to a powerful aquatic tail in water.
You possess an exceptional clarity of mind.
Your body sometimes deteriorates upon taking damage.


Message History

An ufetubus comes into view.
The white imp gestures at you. The puff of frost misses you.
The jelly hits you.
* * * LOW HITPOINT WARNING * * *
You are splashed with acid!
* * * LOW HITPOINT WARNING * * *
It was a potion of heal wounds.
You feel much better.
The white imp disappears for a moment.
The jelly hits you. The acid corrodes you!
You are splashed with acid!
* * * LOW HITPOINT WARNING * * *
Unknown command.
The white imp attacks as it pursues you!
The white imp hits you.
* * * LOW HITPOINT WARNING * * *
The white imp freezes you. You resist.
* * * LOW HITPOINT WARNING * * *
The white imp attacks as it pursues you!
The white imp closely misses you.
Unknown command.
Aiming: Fastroot
Press: ? - help, Shift-Dir - straight line, p - white imp The roots erupt in riotous growth!
Roots grab the white imp.
The jelly is unaffected.
The grasping roots constrict the white imp.
The white imp shouts, "Succumb, thou puny crook-pated codpiece!"
The white imp gestures at you. The puff of frost hits you. You resist.
* * * LOW HITPOINT WARNING * * *
Unknown command.
You hit the jelly. The acid corrodes you!
Your hands burn!
* * * LOW HITPOINT WARNING * * *
The jelly is severely wounded.
The grasping roots constrict the white imp.
You kill the white imp!
Okawaru accepts your kill. The jelly hits you.
* * * LOW HITPOINT WARNING * * *
The acid corrodes you!
You are splashed with acid!
You die...

... #.>.....P..####.## ..#
#.....♣..♣.......###### ..
.##............♣........# .
.....#......#...♣.......## ..
#..#......#..⌠.♣.......# ...
#.....5................#
...##...#.####.5.........###
....... #..# ##5J......)###
....... #..####@..........#
#......##....#............##
#....?.....................#
#$.........%..............##
#.......(...##..............#
###...........###.......#......#
....##........# #######.####..##
... #.........# ##...# ### ##
####......# #####....#


You could see a jelly and 2 ufetubi.

Vanquished Creatures
  Pikel (D:4)
  An ogre (D:5)
  A black bear (D:5)
  2 phantoms
  3 lemures
  2 scorpions
  A hound (D:4)
  A jelly (D:4)
  A quasit (D:4)
  2 bombardier beetles (D:4)
  Jessica (D:3)
  An iguana (D:5)
  10 gnolls
  5 adders
  A shadow imp (D:5)
  7 white imps (D:5)
  An ufetubus (D:4)
  2 dart slugs
  6 orcs
  6 ball pythons
  2 endoplasms
  2 giant cockroaches
  8 goblins
  2 hobgoblins
  8 jackals (D:1)
  6 quokkas
  2 bats (D:1)
  6 frilled lizards
  3 kobolds (D:4)
  3 rats
97 creatures vanquished.

Notes
Turn   | Place    | Note
-------+----------+-------------------------------------------
     0 | D:1      | bananaglory the Merfolk Brigand began the quest for the
                  | Orb.
     0 | D:1      | Reached XP level 1. HP: 16/16 MP: 1/1
    95 | D:1      | Reached XP level 2. HP: 19/23 MP: 2/2
   218 | D:1      | Found a faded altar of an unknown god.
   652 | D:2      | Reached XP level 3. HP: 14/30 MP: 3/3
   754 | D:2      | Reached XP level 4. HP: 38/38 MP: 4/4
  1045 | D:3      | Reached skill level 5 in Fighting
  1108 | D:3      | Noticed Jessica
  1131 | D:3      | Killed Jessica
  1132 | D:3      | Reached XP level 5. HP: 32/46 MP: 5/5
  1908 | D:3      | Found Kaikack's Assorted Antiques.
  1915 | D:3      | Bought a scroll labelled QOTIEWE BAGAUDE for 19 gold pieces
  1915 | D:3      | Bought a bubbling amethyst potion for 17 gold pieces
  2050 | D:4      | Reached skill level 2 in Long Blades
  2057 | D:4      | Noticed a lemure
  2058 | D:4      | Noticed a lemure
  2085 | D:4      | Noticed a lemure
  2085 | D:4      | Noticed a lemure
  2115 | D:4      | Killed a lemure
  2120 | D:4      | Killed a lemure
  2121 | D:4      | Noticed Pikel
  2380 | D:3      | Killed a lemure
  2569 | D:4      | Killed Pikel
  2570 | D:4      | Reached skill level 7 in Long Blades
  2570 | D:4      | Reached XP level 6. HP: 45/52 MP: 6/6
  2570 | D:4      | Reached XP level 7. HP: 50/57 MP: 7/7
  2830 | D:4      | Found Dyok's Assorted Antiques.
  2890 | D:3      | Bought 2 cyan potions for 34 gold pieces
  2998 | D:4      | Bought a metallic clear potion for 20 gold pieces
  3053 | D:4      | Reached skill level 8 in Long Blades
  3150 | D:4      | Found a staircase to the Ecumenical Temple.
  3171 | Temple   | Entered the Ecumenical Temple
  3212 | Temple   | Became a worshipper of Warmaster Okawaru
  3288 | D:5      | Entered Level 5 of the Dungeon
  3342 | D:4      | Reached XP level 8. HP: 51/64 MP: 8/8
  3391 | D:5      | Found Vyach's Antique Armour Emporium.
  3676 | D:4      | Reached skill level 9 in Long Blades
  3955 | D:5      | Reached * piety under Okawaru
  4133 | D:5      | Gained mutation: Your body sometimes deteriorates upon
                  | taking damage. [potion of mutation]
  4133 | D:5      | Gained mutation: You possess an exceptional clarity of
                  | mind. [potion of mutation]
  4162 | D:5      | Splashed by a jelly's acid

Illustrated notes

Levels and vault maps discovered:
D:1:      psy_arrival_fountain, layout_loops_corners,
          shapermc_ecumenical_altar_pompeii
D:2:      layout_rooms, grunt_decor_arrowhead, reono_crystal_passage
D:3:      layout_basic, serial_shops, shop, uniq_jessica
D:4:      layout_basic, minmay_temple_entry_enclosed_plants, serial_shops,
          nicolae_shop_peninsula, minmay_increasing_density, uniq_pikel
D:5:      layout_cave_pools, serial_demonic, serial_demonic_a, serial_demonic_f,
          serial_demonic_e, serial_demonic_a, serial_demonic_b,
          serial_demonic_a, serial_demonic_e, serial_demonic_g,
          serial_demonic_a, serial_demonic_d, serial_shops, shop
Temple:   regret_index_temple_generic_petals

Skill      XL: |  1  2  3  4  5  6  7  8 |
---------------+-------------------------+-----
Fighting       | 3 4 5 7 |  7.0
Long Blades    | 7 8 9 |  9.8
Short Blades   | |  2.4
Throwing       | |  2.0
Dodging        | |  1.3
Stealth        | |  4.3

Action                     |  1- 3 |  4- 6 |  7- 9 || total
---------------------------+-------+-------+-------++-------
  Melee: Dagger            |    70 |    50 |       ||   120
         Falchion          |       |    75 |   252 ||   327
         Punch             |       |     2 |     3 ||     5
         Tailslap          |       |       |    10 ||    10
  Throw: Dart              |     9 |    19 |     7 ||    35
  Evoke: Wand              |       |       |     8 ||     8
    Use: Potion            |       |       |     3 ||     3
         Scroll            |       |       |     2 ||     2
   Stab: Sleeping          |     3 |     5 |     4 ||    12
         Distracted        |       |     1 |       ||     1
 Armour: Robe              |    13 |       |       ||    13
         Leather armour    |    27 |    65 |   214 ||   306
  Dodge: Dodged            |    45 |    54 |   163 ||   262
  Block: Other             |       |    25 |    78 ||   103
         Reflection        |       |     1 |     3 ||     4
